AoeStats
← kable.xpress

Arabia

504135217Analyzed
1v1 RM · 29d ago on Sep 4, 2026· 45m 5s· 2 players
Game mode
Random Map
Map size
Tiny (2 player)
Population
200
Speed
Normal
Resources
Standard
Victory
Conquest
Starting age
Dark Age
Ending age
Imperial Age
RankedLock teamsTeams togetherTeam positionsShared explorationLock speedFull tech treeHidden civsTurbo modeCheats
Victory
Defeat
🇦🇷 Aztecs · Argentina
2178
+16
🇦🇷 Maya · Argentina
2171
-16
NicoDA
0:25 Loom
8:41 Feudal Age
11:23 Fletching
20:51 Castle Age
20:08 Double-Bit Axe
21:30 Bodkin Arrow
20:56 Crossbowman
27:12 Bow Saw
27:47 Gold Mining
41:41 Imperial Age
44:42 Bracer
kable.xpress
0:25 Loom
9:07 Feudal Age
9:38 Double-Bit Axe
13:42 Fletching
15:40 Padded Archer Armor
21:21 Castle Age
19:47 Horse Collar
21:59 Bodkin Arrow
21:36 Elite Skirmisher
22:11 Town Watch
23:07 Leather Archer Armor
26:37 Ballistics
34:26 Guard Tower
37:09 Wheelbarrow
42:12 Imperial Age
42:57 Hand Cart
42:55 Bracer
46:24 Chemistry
Connection lost

Rejoining the realm…

Still unreachable

The connection could not be restored.

Session expired

The server has moved on; the page needs a fresh start.